 Dungeon Sprint DCSS version 0.15-a0-1206-g3bad1a6 (webtiles) character file.

11000000 Infinimo the Axe Maniac (level 27, -19/249 HPs)
             Began as a Formicid Earth Elementalist on June 1, 2014.
             Was the Champion of Makhleb.
             Demolished by a large bag of meat
             ... wielding a +9,+9 giant spiked club
              (114 damage)
             ... in the Dungeon (Sprint VIII: "Arena of Blood").
             The game lasted 00:03:04 (110 turns).

Infinimo the Axe Maniac (FoEE)                       Turns: 110, Time: 00:03:06

HP -19/249       AC 11     Str 15      XL: 27
MP  45/50        EV 34     Int 17      God: Makhleb [******]
Gold 0           SH  0     Dex 20      Spells:  2 memorised, 77 levels left

rFire  + . .     SeeInvis +     g - +∞ Axe of Woe
rCold  . . .     Clarity  .     c - +0 robe
rNeg   . . .     rCorr    .     (no shield)
rPois  .         rRot     .     (helmet unavailable)
rElec  .         Spirit   .     (no cloak)
SustAb .         Warding  .     (no gloves)
rMut   .         Stasis   +     (no boots)
Gourm  .                        (no amulet)
MR     ++...                    j - +27000,+200 ring of slaying
                                i - ring of protection from fire

@: stone skin, drained, very resistant to hostile enchantments, incredibly
stealthy
A: permanent stasis, dig shafts and tunnels, four strong arms, antennae 3
a: Dig, Minor Destruction, Lesser Servant of Makhleb, Major Destruction, Greater
Servant of Makhleb, Renounce Religion


You were in the Dungeon.
You worshipped Makhleb.
Makhleb was exalted by your worship.
You were not hungry.

You visited 1 branch

Inventory:

Hand weapons
 g - the +∞,+∞ Axe of Woe (weapon)
   (You found it in the Dungeon)
Missiles
 b - 19 stones (quivered)
Armour
 c - a +0 robe (worn)
Comestibles
 a - a bread ration
Jewellery
 i - a ring of protection from fire (left hand)
 j - a +27000,+200 ring of slaying (right hand)
Potions
 e - a potion of curing
 f - a potion of heal wounds
 h - 2 potions of magic
Books
 d - a book of Geomancy

   Spells                             Type                      Level
   *Sandblast                         Earth                        1
   *Stoneskin                         Transmutation/Earth          2
   Passwall                           Transmutation/Earth          3
   Stone Arrow                        Conjuration/Earth            3
   Petrify                            Transmutation/Earth          4
   Lee's Rapid Deconstruction         Earth                        5


   Skills:
 O Level 27(25.5) Fighting
 O Level 27(25.5) Axes
 O Level 27(25.5) Throwing
 O Level 27(25.5) Armour
 O Level 27(25.5) Dodging
 O Level 27(25.5) Stealth
 O Level 27(25.5) Unarmed Combat
 O Level 27(25.5) Spellcasting
 O Level 27(25.5) Transmutations
 O Level 27(25.5) Earth Magic
 O Level 27(25.5) Invocations


You had 77 spell levels left.
You knew the following spells:

 Your Spells              Type           Power        Failure   Level  Hunger
a - Sandblast             Erth           ######       0%          1    None
b - Stoneskin             Trmt/Erth      #######...   0%          2    None


Dungeon Overview and Level Annotations

Branches:
Dungeon (1/1)

Altars:
Makhleb


Innate Abilities, Weirdness & Mutations

Your are under a permanent stasis effect.
You can dig through walls and to a lower floor.
Your four strong arms can wield two-handed weapons with a shield.
You have a pair of large antennae on your head (SInv).


Message History

Unknown command.
You hear a shout! x3
The observer gazes at you. Something smites you!
You hear a shout!
The lost soul throws negative energy at you.
The bolt of negative energy hits you!
You feel drained.
The accursed is engulfed in roaring flames.
The accursed gestures at you while chanting.
Something smites you!
You hear a shout! x10
Unknown command. 2 ogres come into view.
You hear a shout! x3
The accursed is engulfed in roaring flames.
The accursed points at you and mumbles some strange words.
Something smites you!
You hear a shout! x4
The large bag of meat hits you with a +9,+9 giant spiked club!!!!
You die...

...... ......... ......#
................ #......#
.....#........... ......#
.....# ..........##..O..#
....###................#
###.)...........###.(...#
._...................)))#
....#.)....)#.#...W...))####
.<._#...).))...)@C)...).)#)##
...o#..)..)#.#)#G)o....)#%#.#
._.............)))))..))#####
###.........#.#)#..#M§).#
...o###..........#.§)§.#
.....#........O....#§.§.#
....#............#.....#
.......................# ...
..#...#......##..#


You could see an accursed, an observer (invisible), a large bag of meat (inner
flame), a lost soul (invisible), 2 meat berserkers and a bag of meat.

Vanquished Creatures
  A greater mummy (D)
  3 hell beasts (D)
  3 hill giants (D)
  2 hydras (D)
  3 liches (D)
  22 ogres (D)
  56 orcs (D)
  2 phantoms (D)
  13 vampire knights (D)
  2 wraiths (D)
  3 large abominations (D)
110 creatures vanquished.

Notes
Turn   | Place    | Note
--------------------------------------------------------------
     0 | D        | Infinimo, the Formicid Earth Elementalist, began the quest for the Orb.
     0 | D        | Reached XP level 1. HP: 13/13 MP: 3/3
     2 | D        | Noticed a bag of meat
     2 | D        | Noticed a bag of meat
     3 | D        | Became a worshipper of Makhleb the Destroyer
     6 | D        | Noticed a bag of meat
     7 | D        | Noticed a meat berserker
     7 | D        | Killed a bag of meat
     7 | D        | Reached skill level 24 in Axes
     7 | D        | Reached XP level 2. HP: 19/19 MP: 5/5
     7 | D        | Reached XP level 3. HP: 24/24 MP: 7/7
     7 | D        | Reached XP level 4. HP: 30/30 MP: 8/8
     7 | D        | Reached XP level 5. HP: 35/35 MP: 11/11
     7 | D        | Reached XP level 6. HP: 41/41 MP: 12/12
     7 | D        | Reached XP level 7. HP: 46/46 MP: 14/14
     7 | D        | Reached XP level 8. HP: 52/52 MP: 16/16
     7 | D        | Reached XP level 9. HP: 57/57 MP: 18/18
     7 | D        | Reached XP level 10. HP: 63/63 MP: 18/18
     7 | D        | Reached XP level 11. HP: 68/68 MP: 20/20
     8 | D        | Noticed a bag of meat
    10 | D        | Noticed a bag of meat
    10 | D        | Noticed a bag of meat
    10 | D        | Noticed a bag of meat
    10 | D        | Noticed a bag of meat
    10 | D        | Killed a bag of meat
    10 | D        | Acquired Makhleb's first power
    10 | D        | Reached skill level 27 in Axes
    10 | D        | Reached skill level 5 in Dodging
    10 | D        | Reached XP level 12. HP: 73/88 MP: 21/21
    10 | D        | Reached XP level 13. HP: 77/93 MP: 22/22
    10 | D        | Killed a meat berserker
    11 | D        | Noticed a bag of meat
    11 | D        | Noticed a bag of meat
    11 | D        | Noticed a bag of meat
    12 | D        | Noticed a bag of meat
    12 | D        | Noticed a bag of meat
    12 | D        | Noticed a bag of meat
    12 | D        | Noticed a bag of meat
    14 | D        | Noticed a meat berserker
    14 | D        | Killed a bag of meat
    14 | D        | Reached XP level 14. HP: 64/120 MP: 23/23
    14 | D        | Killed a bag of meat
    14 | D        | Acquired Makhleb's second power
    14 | D        | Reached XP level 15. HP: 111/131 MP: 24/24
    15 | D        | Noticed a bag of meat
    15 | D        | Noticed a bag of meat
    15 | D        | Noticed a bag of meat
    15 | D        | Killed a bag of meat
    15 | D        | Reached skill level 15 in Dodging
    15 | D        | Killed a bag of meat
    17 | D        | Noticed a destroyer
    17 | D        | Noticed a meat berserker
    17 | D        | Noticed a meat berserker
    17 | D        | Noticed a bag of meat
    17 | D        | Killed a bag of meat
    17 | D        | Acquired Makhleb's third power
    17 | D        | Reached XP level 16. HP: 146/149 MP: 24/24
    17 | D        | Killed a bag of meat
    17 | D        | Killed a bag of meat
    19 | D        | Noticed a meat berserker
    19 | D        | Noticed a bag of meat
    20 | D        | Noticed a meat berserker
    20 | D        | Noticed a bag of meat
    21 | D        | Noticed a bag of meat
    21 | D        | Noticed a bag of meat
    21 | D        | Noticed a meat berserker
    21 | D        | Noticed a bag of meat
    21 | D        | Noticed a meat berserker
    21 | D        | Noticed a bag of meat
    22 | D        | Noticed a bag of meat
    22 | D        | Noticed a destroyer
    22 | D        | Noticed a bag of meat
    22 | D        | Killed a meat berserker
    22 | D        | Reached XP level 17. HP: 92/164 MP: 25/25
    23 | D        | Noticed a bag of meat
    23 | D        | Killed a bag of meat
    23 | D        | Acquired Makhleb's fourth power
    24 | D        | Noticed a bag of meat
    24 | D        | Killed a meat berserker
    25 | D        | Noticed a bag of meat
    25 | D        | Noticed a bag of meat
    25 | D        | Noticed a destroyer
    25 | D        | Killed a meat berserker
    25 | D        | Reached XP level 18. HP: 176/179 MP: 26/26
    26 | D        | Noticed a meat berserker
    26 | D        | Killed a destroyer
    26 | D        | Acquired Makhleb's fifth power
    27 | D        | Noticed a destroyer
    27 | D        | Noticed a destroyer
    27 | D        | Killed a meat berserker
    27 | D        | Reached skill level 27 in Fighting
    27 | D        | Reached skill level 27 in Armour
    28 | D        | Noticed a meat berserker
    28 | D        | Killed a meat berserker
    28 | D        | Killed a meat berserker
    28 | D        | Reached skill level 27 in Dodging
    28 | D        | Reached skill level 5 in Stealth
    28 | D        | Reached skill level 5 in Earth Magic
    28 | D        | Reached XP level 19. HP: 189/189 MP: 26/30
    29 | D        | Noticed a bag of meat
    29 | D        | Noticed a destroyer
    30 | D        | Noticed a meat berserker
    30 | D        | Noticed a bag of meat
    30 | D        | Noticed a destroyer
    30 | D        | Killed a meat berserker
    30 | D        | Reached skill level 5 in Throwing
    31 | D        | Noticed a meat berserker
    31 | D        | Noticed a bag of meat
    31 | D        | Killed a destroyer
    31 | D        | Reached skill level 10 in Earth Magic
    31 | D        | Reached skill level 10 in Invocations
    31 | D        | Killed a destroyer
    31 | D        | Reached skill level 10 in Unarmed Combat
    31 | D        | Reached skill level 10 in Spellcasting
    32 | D        | Noticed a bag of meat
    33 | D        | Noticed a bag of meat
    33 | D        | Noticed a bag of meat
    33 | D        | Noticed a bag of meat
    33 | D        | Noticed a destroyer
    33 | D        | Noticed a destroyer
    33 | D        | Killed a bag of meat
    33 | D        | Killed a bag of meat
    33 | D        | Reached skill level 10 in Throwing
    33 | D        | Reached skill level 15 in Stealth
    33 | D        | Reached XP level 20. HP: 197/197 MP: 26/39
    33 | D        | Killed a bag of meat
    33 | D        | Reached skill level 15 in Earth Magic
    33 | D        | Reached skill level 15 in Invocations
    33 | D        | Killed a bag of meat
    34 | D        | Noticed a bag of meat
    34 | D        | Killed a bag of meat
    34 | D        | Reached skill level 15 in Unarmed Combat
    34 | D        | Reached skill level 15 in Spellcasting
    34 | D        | Killed a bag of meat
    34 | D        | Killed a meat berserker
    34 | D        | Reached XP level 21. HP: 204/204 MP: 27/42
    34 | D        | Killed a bag of meat
    34 | D        | Killed a destroyer
    34 | D        | Reached skill level 15 in Throwing
    35 | D        | Killed a meat berserker
    35 | D        | Killed a meat berserker
    35 | D        | Killed a bag of meat
    35 | D        | Killed a bag of meat
    35 | D        | Reached XP level 22. HP: 212/212 MP: 27/44
    35 | D        | Killed a meat berserker
    36 | D        | Noticed a destroyer
    37 | D        | Killed a bag of meat
    37 | D        | Killed a bag of meat
    37 | D        | Killed a bag of meat
    37 | D        | Killed a destroyer
    37 | D        | Reached skill level 27 in Stealth
    37 | D        | Killed a destroyer
    37 | D        | Reached XP level 23. HP: 219/219 MP: 27/46
    38 | D        | Killed a bag of meat
    38 | D        | Killed a bag of meat
    38 | D        | Reached skill level 27 in Earth Magic
    38 | D        | Reached skill level 27 in Invocations
    38 | D        | Killed a bag of meat
    38 | D        | Killed a bag of meat
    39 | D        | Killed a bag of meat
    39 | D        | Killed a bag of meat
    39 | D        | Killed a destroyer
    39 | D        | Reached skill level 27 in Unarmed Combat
    39 | D        | Reached skill level 27 in Spellcasting
    39 | D        | Reached XP level 24. HP: 227/227 MP: 28/49
    39 | D        | Killed a bag of meat
    40 | D        | Noticed a destroyer
    40 | D        | Killed a bag of meat
    40 | D        | Killed a bag of meat
    40 | D        | Reached skill level 27 in Throwing
    40 | D        | Killed a bag of meat
    41 | D        | Killed a bag of meat
    41 | D        | Killed a destroyer
    41 | D        | Killed a bag of meat
    41 | D        | Killed a bag of meat
    41 | D        | Reached XP level 25. HP: 234/234 MP: 28/49
    42 | D        | Noticed a meat berserker
    42 | D        | Killed a destroyer
    42 | D        | Killed a bag of meat
    43 | D        | Killed a bag of meat
    45 | D        | Noticed a destroyer
    45 | D        | Killed a destroyer
    45 | D        | Killed a bag of meat
    46 | D        | Noticed a bag of meat
    46 | D        | Noticed a meat berserker
    46 | D        | Noticed a bag of meat
    46 | D        | Noticed a destroyer
    46 | D        | Noticed a bag of meat
    46 | D        | Killed a destroyer
    46 | D        | Killed a meat berserker
    47 | D        | Noticed a bag of meat
    47 | D        | Noticed a bag of meat
    48 | D        | Noticed a large bag of meat
    48 | D        | Noticed a meat berserker
    48 | D        | Noticed a bag of meat
    49 | D        | Noticed a bag of meat
    50 | D        | Noticed a bag of meat
    50 | D        | Noticed a bag of meat
    50 | D        | Noticed a bag of meat
    51 | D        | Noticed a bag of meat
    51 | D        | Noticed a bag of meat
    51 | D        | Killed a meat berserker
    51 | D        | Reached XP level 26. HP: 234/242 MP: 31/50
    52 | D        | Noticed a bag of meat
    52 | D        | Killed a meat berserker
    54 | D        | Noticed a tyrant
    54 | D        | Killed a bag of meat
    54 | D        | Killed a destroyer
    56 | D        | Noticed a bag of meat
    56 | D        | Killed a bag of meat
    56 | D        | Killed a large bag of meat
    56 | D        | Killed a bag of meat
    57 | D        | Killed a bag of meat
    57 | D        | Killed a tyrant
    57 | D        | Reached XP level 27. HP: 237/249 MP: 32/50
    57 | D        | Killed a bag of meat
    58 | D        | Noticed a bag of meat
    59 | D        | Killed a bag of meat
    59 | D        | Killed a bag of meat
    59 | D        | Killed a bag of meat
    60 | D        | Noticed a large bag of meat
    60 | D        | Noticed an accursed
    61 | D        | Killed a bag of meat
    61 | D        | Killed a bag of meat
    61 | D        | Killed a bag of meat
    61 | D        | Killed a bag of meat
    61 | D        | Killed a bag of meat
    67 | D        | Killed a bag of meat
    69 | D        | Killed a destroyer
    76 | D        | Learned a level 2 spell: Stoneskin
    77 | D        | Killed a bag of meat
    78 | D        | Killed a large bag of meat
    80 | D        | Killed an accursed
    81 | D        | Noticed a dread
    81 | D        | Noticed a meat berserker
    82 | D        | Noticed a meat berserker
    82 | D        | Noticed a meat beast
    82 | D        | Killed a meat berserker
    83 | D        | Killed a meat beast
    84 | D        | Killed a meat berserker
    84 | D        | Reached skill level 27 in Transmutations
    85 | D        | Noticed a meat beast
    85 | D        | Killed a meat beast
    86 | D        | Noticed a meat berserker
    86 | D        | Killed a meat berserker
    87 | D        | Noticed a meat berserker
    87 | D        | Noticed a meat beast
    87 | D        | Noticed a bag of meat
    88 | D        | Noticed a meat berserker
    88 | D        | Killed a dread
    88 | D        | Killed a meat beast
    89 | D        | Noticed a tyrant
    89 | D        | Noticed a lost soul
    89 | D        | Noticed an accursed
    89 | D        | Noticed a dread
    89 | D        | Noticed a large bag of meat
    89 | D        | Noticed a lost soul
    90 | D        | Noticed a bag of meat
    90 | D        | Killed a meat berserker
    90 | D        | Killed a bag of meat
    91 | D        | Noticed a lost soul
    92 | D        | Killed a tyrant
    93 | D        | Noticed a bag of meat
    93 | D        | Noticed a bag of meat
    93 | D        | Noticed a tyrant
    94 | D        | Killed a lost soul
    94 | D        | Killed a lost soul
    94 | D        | Killed a meat berserker
    94 | D        | Killed a dread
    94 | D        | Killed a large bag of meat
    95 | D        | Noticed a meat berserker
    95 | D        | Noticed a large bag of meat
    95 | D        | Killed a bag of meat
    97 | D        | Noticed an accursed
    98 | D        | Noticed a meat berserker
   100 | D        | Killed a meat berserker
   103 | D        | Noticed an observer
   103 | D        | Killed a meat berserker
   104 | D        | Killed a bag of meat
   106 | D        | Killed a tyrant
   110 | D        | Noticed a meat berserker
   110 | D        | Noticed a meat berserker
   110 | D        | Demolished by a large bag of meat

Action                   |  1- 3 |  4- 6 |  7- 9 | 10-12 | 13-15 | 16-18 | 19-21 | 22-24 | 25-27 || total
-------------------------+-------+-------+-------+-------+-------+-------+-------+-------+-------++-------
Melee: Executioner's axe |     1 |       |       |     1 |     3 |     7 |     5 |     5 |    32 ||    54
Throw: Stone             |       |       |       |       |       |       |       |       |     1 ||     1
 Cast: Stoneskin         |       |       |       |       |       |       |       |       |     1 ||     1
 Abil: Dig               |       |       |       |       |       |       |       |       |     1 ||     1
